 Dungeon Sprint DCSS version 0.23.2-33-g5129a83184 (webtiles) character file.

Game seed: 18082894747168391597

3200000 Groucho the Axe Maniac (level 19, -37/226 HPs)
             Began as a Deep Dwarf Assassin on July 16, 2019.
             Was a High Priest of Makhleb.
             Annihilated by a destroyer
             ... wielding a +9 great sword of slicing
              (57 damage)
             ... in the Dungeon (Sprint VIII: "Arena of Blood").
             The game lasted 00:01:44 (32 turns).

Groucho the Axe Maniac (Deep Dwarf Assassin)          Turns: 32, Time: 00:01:45

Health: -37/226    AC:  6    Str: 16    XL:     19   Next: 97%
Magic:  19/42      EV: 35    Int: 13    God:    Makhleb [*****.]
Gold:   0          SH:  0    Dex: 20    Spells: 57/57 levels left

rFire    . . .     SeeInvis .   n - +∞ Axe of Woe
rCold    . . .     Gourm    .   (shield currently unavailable)
rNeg     + . .     Faith    .   c - +0 robe
rPois    .         Spirit   .   (no helmet)
rElec    .         Reflect  .   d - +0 cloak
rCorr    .         Harm     .   (no gloves)
MR       ++...     NoTele   +   (no boots)
Stlth    +++.......             (no amulet)
HPRegen  0.00/turn              (no ring)
MPRegen  0.28/turn              (no ring)

@: non-regenerating
A: damage resistance, heal wounds, negative energy resistance 1, sense
surroundings 3, no regeneration
a: Heal Wounds, Minor Destruction, Lesser Servant of Makhleb, Major Destruction,
Greater Servant of Makhleb, Renounce Religion


You were in the Dungeon.
You worshipped Makhleb.
Makhleb was extremely pleased with you.
You were not hungry.

You visited 1 branch

Inventory:

Hand Weapons
 a - a +2 dagger
 b - a +0 blowgun
 n - the +∞ Axe of Woe (weapon)
   (You found it in the Dungeon)
Missiles
 e - 8 poisoned needles
 f - 2 curare-tipped needles
Armour
 c - a +0 robe (worn)
 d - a +0 cloak (worn)
Scrolls
 m - a scroll of blinking
Potions
 h - a potion of curing
 i - a potion of heal wounds
 j - a potion of haste
 k - 2 potions of magic
 l - a potion of berserk rage
Comestibles
 g - a ration


   Skills:
 O Level 27 Fighting
 + Level 21.3 Short Blades
 O Level 27 Axes
 + Level 21.3 Throwing
 O Level 27 Armour
 O Level 27 Dodging
 - Level 4.8 Stealth
 + Level 19.8 Spellcasting
 O Level 27 Invocations


You had 57 spell levels left.
You didn't know any spells.
Your spell library was empty.

Dungeon Overview and Level Annotations

Branches:
Dungeon (1/1)

Altars:
Makhleb

Annotations:
D The Servant


Innate Abilities, Weirdness & Mutations

You are resistant to damage.
You can heal yourself by infusing magical energy.
You resist negative energy. (rN+)
You passively map a large area around you.
You do not regenerate.


Message History

You slash the bag of meat!
You cleave the bag of meat in twain.
You kill the bag of meat!
Makhleb accepts your kill.
Your Short Blades skill increases to level 21!
Your Throwing skill increases to level 21!
Your Spellcasting skill increases to level 19!
You hear a shout! x3
A bag of meat comes into view. It is wielding a +9 war axe.
The destroyer blinks! x2
You hear a shout! x2
Unknown command.
Unknown command.
Unknown command.
You hear a shout! x3
A bag of meat comes into view. It is wielding a +9 war axe.
You hear a shout!
The destroyer hits you with a +9 great sword of slicing!!!!!
Ouch! That really hurt!
* * * LOW HITPOINT WARNING * * *
You die...

* , ,o. ..... , ,
,,, , #.. ...#, ,
, ,, , #.., ...#
. , ,, , , .###.o
...###.. , , ,
,,,
......###......,
, * ,
,......_..... , ,
, ,, *,, ,
#.)O).# , ,* **
#_)<)_# , , , , ,
#.)@O.# , ,
.....oVV@...... ,
,
,,......###.....o
, , , , .###..
,...###§. , , ,
,, #.§, ...# , .
,, ,, ,#. ...# ,
, .. ..... , , ,
.. .. , , , ,, ,,
* , , *, ,


You could see The Servant, 2 destroyers, a large bag of meat (inner flame), a
meat berserker (berserk) and 3 bags of meat.

Vanquished Creatures
  5 ogres (D)
  15 orcs (D)
20 creatures vanquished.

Notes
Turn   | Place    | Note
-------+----------+-------------------------------------------
     0 | D        | Found the +∞ Axe of Woe
     0 | D        | Groucho the Deep Dwarf Assassin began the quest for the
                  | Orb.
     0 | D        | Reached XP level 1. HP: 19/19 MP: 1/1
     1 | D        | Noticed a bag of meat
     2 | D        | Noticed a bag of meat
     4 | D        | Became a worshipper of Makhleb the Destroyer
     5 | D        | Noticed a bag of meat
     5 | D        | Noticed a bag of meat
     5 | D        | Noticed a bag of meat
     6 | D        | Noticed a bag of meat
     6 | D        | Noticed a bag of meat
     6 | D        | Noticed a bag of meat
     7 | D        | Killed a bag of meat
     7 | D        | Reached XP level 2. HP: 26/26 MP: 2/2
     7 | D        | Reached XP level 3. HP: 32/32 MP: 3/3
     7 | D        | Reached XP level 4. HP: 39/39 MP: 4/4
     7 | D        | Reached XP level 5. HP: 45/45 MP: 5/5
     7 | D        | Reached XP level 6. HP: 52/52 MP: 6/6
     7 | D        | Reached XP level 7. HP: 58/58 MP: 7/7
     7 | D        | Reached XP level 8. HP: 66/66 MP: 8/8
     7 | D        | Gained mutation: You passively map the area around you.
                  | [Deep Dwarf growth]
     7 | D        | Reached XP level 9. HP: 73/73 MP: 9/9
     7 | D        | Reached XP level 10. HP: 80/80 MP: 10/10
     7 | D        | Reached XP level 11. HP: 86/86 MP: 11/11
     7 | D        | Noticed a meat berserker
     8 | D        | Noticed a meat berserker
    11 | D        | Killed a bag of meat
    11 | D        | Reached * piety under Makhleb
    11 | D        | Reached XP level 12. HP: 46/93 MP: 12/12
    11 | D        | Killed a bag of meat
    11 | D        | Reached XP level 13. HP: 49/99 MP: 13/13
    11 | D        | Killed a meat berserker
    11 | D        | Reached skill level 27 in Axes
    11 | D        | Reached skill level 27 in Dodging
    11 | D        | Reached skill level 10 in Fighting
    11 | D        | Gained mutation: You resist negative energy. (rN+) [Deep
                  | Dwarf growth]
    11 | D        | Reached XP level 14. HP: 66/133 MP: 14/14
    12 | D        | Killed a bag of meat
    12 | D        | Reached ** piety under Makhleb
    12 | D        | Reached XP level 15. HP: 75/151 MP: 15/15
    14 | D        | Killed a meat berserker
    14 | D        | Reached *** piety under Makhleb
    14 | D        | Reached XP level 16. HP: 182/182 MP: 16/16
    15 | D        | Noticed a large bag of meat
    17 | D        | Noticed a meat berserker
    18 | D        | Noticed a meat berserker
    18 | D        | Noticed a meat berserker
    20 | D        | Reached skill level 27 in Armour
    20 | D        | Reached XP level 17. HP: 200/200 MP: 17/17
    20 | D        | Killed a meat berserker
    20 | D        | Reached **** piety under Makhleb
    20 | D        | Reached skill level 27 in Fighting
    21 | D        | Killed a meat berserker
    21 | D        | Reached skill level 27 in Invocations
    21 | D        | Reached skill level 1 in Spellcasting
    21 | D        | Gained mutation: You passively map a large area around you.
                  | [Deep Dwarf growth]
    21 | D        | Reached XP level 18. HP: 218/218 MP: 17/35
    23 | D        | Killed a meat berserker
    23 | D        | Reached skill level 10 in Spellcasting
    24 | D        | Noticed a large bag of meat
    26 | D        | Reached skill level 15 in Short Blades
    26 | D        | Reached skill level 15 in Throwing
    26 | D        | Reached XP level 19. HP: 226/226 MP: 18/37
    27 | D        | Noticed a meat berserker
    28 | D        | Reached ***** piety under Makhleb
    28 | D        | Reached skill level 15 in Spellcasting
    29 | D        | Noticed The Servant
    29 | D        | Noticed a destroyer
    29 | D        | Noticed a destroyer
    32 | D        | Annihilated by a destroyer

Skill      XL: |  1  2  3  4  5  6  7  8  9 10 11 12 13 14 15 16 17 18 19 |
---------------+----------------------------------------------------------+-----
Axes           | 20 23 25 27 | 27.0
Dodging        | 20 23 25 27 | 27.0
Fighting       | 10 14 21 24 27 | 27.0
Armour         | 12 16 24 27 | 27.0
Invocations    | 27 | 27.0
Short Blades   | 3 15 21 | 21.3
Throwing       | 2 15 21 | 21.3
Spellcasting   | 1 14 19 | 19.8
Stealth        | |  4.8

Action                   |  1- 3 |  4- 6 |  7- 9 | 10-12 | 13-15 | 16-18 | 19-21 || total
-------------------------+-------+-------+-------+-------+-------+-------+-------++-------
Melee: Executioner's axe |     1 |       |       |     1 |     3 |     5 |     4 ||    14
Dodge: Dodged            |       |       |       |     1 |       |     1 |       ||     2
